 Dungeon Crawl Stone Soup version 0.31.0 (webtiles) character file.

Game seed: 4837259080439019427

50 qw the Shooter (level 3, 0/22 HPs)
             Began as a Gargoyle Hunter on Jan 19, 2024.
             Slain by Terence
             ... wielding a +2 flail of protection
              (2 damage)
             ... on level 2 of the Dungeon.
             The game lasted 00:00:06 (1631 turns).

qw the Shooter (Gargoyle Hunter)                    Turns: 1631, Time: 00:00:06

Health: 0/22       AC:  9    Str: 14    XL:     3   Next: 79%
Magic:  3/3        EV: 10    Int:  9    God:
Gold:   146        SH:  0    Dex: 15    Spells: 2/2 levels left

rFire   . . .        a - +0 shortbow
rCold   . . .        (shield currently unavailable)
rNeg    + . .        f - +0 ring mail
rPois   inf          g - +0 helmet
rElec   +            (no cloak)
rCorr   .            (no gloves)
SInv    .            (no boots)
Will    .....        (no amulet)
Stlth   +            (no ring)
HPRegen 0.23/turn    (no ring)
MPRegen 0.08/turn

%: no passive effects
@: no status effects
A: sickness immunity, AC +3, negative energy resistance 1, electricity
resistance, torment resistance 1, petrification resistance
a: no special abilities


You were on level 2 of the Dungeon.
You visited 1 branch of the dungeon, and saw 2 of its levels.

You collected 146 gold pieces.


Innate Abilities, Weirdness & Mutations

You are immune to sickness and miasma.
Your stone body is resilient. (AC +3)
You are immune to poison.
You resist negative energy. (rN+)
You are resistant to electric shocks. (rElec)
You are resistant to unholy torment.
You are immune to petrification.


   Skills:
 + Level 2.6 Fighting
 - Level 5.0 Ranged Weapons
 - Level 1.0 Armour
 - Level 1.5 Dodging
 - Level 1.1 Stealth


You had 2 spell levels left.
You didn't know any spells.
Your spell library was empty.

Inventory:

Hand Weapons
 a - a +0 shortbow (weapon)
Armour
 f - a +0 ring mail (worn)
 g - a +0 helmet (worn)
Scrolls
 b - a scroll of vulnerability {unknown}
Potions
 c - a potion of heal wounds {unknown}
 h - a potion of curing
 i - a potion of magic {unknown}

Dungeon Overview and Level Annotations

Branches:
Dungeon (2/15)

Altars:

Shops:
D:1 [

Annotations:
D:2 Terence


Message History

Terence says, "Don't bother to defend, it's senseless."
Terence misses you.
You shoot an arrow.
The arrow hits Terence but does no damage.
Terence is lightly wounded.
Terence barely misses you.
You shoot an arrow.
The arrow hits Terence but does no damage.
Terence is lightly wounded.
Terence hits you with a +2 flail of protection.
Terence closely misses you.
You shoot an arrow. The arrow hits Terence.
Terence is moderately wounded.
Terence closely misses you.
You shoot an arrow. The arrow closely misses Terence.
The arrow closely misses the adder.
Terence completely misses you.
You shoot an arrow.
The arrow hits Terence but does no damage.
Terence is moderately wounded.
Terence hits you but does no damage.
You shoot an arrow.
The arrow hits Terence but does no damage.
Terence is moderately wounded.
Terence hits you with a +2 flail of protection!
Terence barely misses you.
You shoot an arrow.
The arrow hits Terence but does no damage.
Terence is moderately wounded.
Terence closely misses you.
You shoot an arrow.
The arrow hits Terence but does no damage.
Terence is moderately wounded.
Terence closely misses you.
You shoot an arrow.
The arrow hits Terence but does no damage.
Terence is moderately wounded.
Terence hits you with a +2 flail of protection.
You die...
Terence says, "Time to find some more victims."

.....#
#.#
######
#.#
#.#
#.#
#.#
#.#
#.#
#.#
#@#
#@#
.S.
##.#.
#.#.#
#.# #
#.#
#.#


You could see Terence and an adder.

Vanquished Creatures
  3 dart slugs (D:1)
  A ribbon worm (D:2)
  4 bats
  5 endoplasms
  3 giant cockroaches (D:2)
  3 hobgoblins
  4 jackals (D:1)
  2 kobolds (D:1)
  7 ball pythons
  2 frilled lizards
  7 rats
41 creatures vanquished.

Notes
Turn   | Place    | Note
-------+----------+-------------------------------------------
     0 | D:1      | qw the Gargoyle Hunter began the quest for the Orb.
     0 | D:1      | Reached XP level 1. HP: 12/12 MP: 1/1
     0 | D:1      | 0 ||| qw: Version: 0.3-a-132-g3d54051
     0 | D:1      | 0 ||| qw: Game counter: 216
     0 | D:1      | 0 ||| qw: Melee chars always use a shield: true
     0 | D:1      | 0 ||| qw: God list: Okawaru
     0 | D:1      | 0 ||| qw: Allow faded altars: false
     0 | D:1      | 0 ||| qw: Do Orc after clearing Dungeon:15 true
     0 | D:1      | 0 ||| qw: Do second Lair branch before Depths: true
     0 | D:1      | 0 ||| qw: Lair rune preference: random
     0 | D:1      | 0 ||| qw: Goals: Normal
     0 | D:1      | 0 ||| PLANNING D:1-11
   131 | D:1      | Reached XP level 2. HP: 17/17 MP: 2/2
   350 | D:1      | Found Uroxig's Armour Boutique.
   358 | D:1      | 358 ||| SHOPLISTING +0 ring mail of willpower (132 gold,
                  | have 17).
   358 | D:1      | 358 ||| SHOPLISTING +2 ring mail of willpower (252 gold,
                  | have 17).
   397 | D:1      | Reached XP level 3. HP: 10/21 MP: 3/3
   820 | D:1      | Reached skill level 5 in Ranged Weapons
   994 | D:1      | 994 ||| DROPPING scarf of shadows.
   995 | D:1      | 995 ||| UPGRADING to +0 ring mail.
  1005 | D:1      | 1005 ||| DROPPING +0 leather armour.
  1006 | D:1      | 1006 ||| UPGRADING to +0 helmet.
  1011 | D:1      | 1011 ||| READING 4 scrolls labelled PONIEW ITOKHU.
  1012 | D:1      | 1012 ||| READING scroll labelled CUAGOV XEAXTA.
  1012 | D:1      | 1012 ||| IDENTIFYING clear potion
  1013 | D:1      | 1013 ||| DRINKING 2 bubbling black potions.
  1118 | D:1      | 1118 ||| DROPPING scroll of butterflies.
  1119 | D:1      | 1119 ||| DROPPING potion of berserk rage.
  1120 | D:1      | 1120 ||| DROPPING 3 scrolls of fog.
  1414 | D:2      | 1414 ||| FLEEEEING.
  1509 | D:2      | Reached skill level 1 in Armour
  1615 | D:2      | Noticed Terence
  1628 | D:2      | HP: 1/22 [Terence/+2 flail of protection (7)]
  1631 | D:2      | Slain by Terence

Levels and vault maps discovered:
D:1:      tekkud_arrival_beachfront_property, layout_basic, serial_shops, shop,
          minmay_crystal_water, wander_ebering_terrifying_dragon_lair
D:2:      minmay_general_purpose_star, layout_basic, minmay_tall_x,
          uniq_crazy_yiuf_cottage, uniq_terence

Skill      XL: |  1  2  3 |
---------------+----------+-----
Ranged Weapons | 5 |  5.0
Armour         | 1 |  1.0
Fighting       | |  2.6
Dodging        | |  1.5
Stealth        | |  1.1

Action                     || total
---------------------------++-------
   Fire: Shortbow          ||   136
    Use: Scroll            ||     2
         Potion            ||     1
 Armour: Leather armour    ||    27
         Ring mail         ||    29
  Dodge: Dodged            ||    47

Table legend:
 A = Non-vault XP
 B = Vault XP
 C = Vault XP percentage of total XP
 D = Non-vault monster count
 E = Vault monster count
 F = Vault count percentage of total count
                 A         B        C        D         E       F
            +---------+---------+-------+---------+---------+-------
      Total |      58 |      14 |  19.4 |      34 |       7 |  17.1
            +---------+---------+-------+---------+---------+-------
        D:1 |      42 |       1 |   2.3 |      22 |       1 |   4.3
        D:2 |      16 |      13 |  44.8 |      12 |       6 |  33.3
            +---------+---------+-------+---------+---------+-------
